AoeStats
← [LMB] xved

Arena

506562199Analyzed
3v3 RM · 20d ago on Sep 14, 2026· 38m 12s· 6 players
Game mode
Random Map
Map size
Normal (6 player)
Population
200
Speed
Normal
Resources
Standard
Victory
Conquest
Starting age
Dark Age
Ending age
Imperial Age
RankedLock teamsTeams togetherTeam positionsShared explorationLock speedFull tech treeHidden civsTurbo modeCheats
Victory
Defeat
🇦🇺 Cumans · Australia
1077
+16
🇦🇷 Romans · Argentina
1043
+16
🇵🇪 Turks · Peru
1024
+17
🇺🇸 Italians · United States
1385
-28
🇺🇸 Malay · United States
999
-14
🇺🇸 Ethiopians · United States
811
-7
[LMB] xved
10:23 Feudal Age
14:36 Castle Age
12:41 Double-Bit Axe
13:18 Stone Mining
13:41 Gold Mining
14:05 Loom
16:02 Fletching
26:21 Wheelbarrow
27:09 Bodkin Arrow
28:20 Padded Archer Armor
28:54 Bow Saw
30:49 Leather Archer Armor
32:07 Hand Cart
38:36 Imperial Age
37:58 Ballistics
Lellasone
11:37 Feudal Age
14:17 Loom
16:59 Castle Age
15:41 Double-Bit Axe
28:40 Man-at-Arms
29:36 Crossbowman
29:45 Crossbowman
TmTm
10:26 Feudal Age
17:24 Castle Age
16:10 Double-Bit Axe
16:13 Horse Collar
20:44 Wheelbarrow
19:58 Loom
20:57 Forging
20:46 Fletching
21:42 Heavy Plow
22:30 Bow Saw
25:39 Hand Cart
25:14 Town Watch
25:22 Town Watch
28:31 Iron Casting
28:02 Scale Barding Armor
27:52 Bodkin Arrow
27:21 Elite Skirmisher
29:28 Crossbowman
30:18 Thumb Ring
36:48 Fortified Wall
Cucharita
11:19 Feudal Age
16:10 Castle Age
14:16 Double-Bit Axe
15:02 Horse Collar
29:20 Bow Saw
30:19 Wheelbarrow
29:51 Heavy Plow
30:47 Town Watch
31:45 Gold Mining
32:14 Hand Cart
38:16 Imperial Age
36:03 Loom
36:23 Town Patrol
37:15 Fletching
38:01 Ballistics
37:52 Fortified Wall
38:47 Masonry
KingJo
9:33 Feudal Age
10:13 Double-Bit Axe
12:09 Horse Collar
19:08 Loom
21:39 Castle Age
21:27 Fletching
21:38 Padded Archer Armor
21:56 Elite Skirmisher
22:44 Thumb Ring
22:36 Bodkin Arrow
23:22 Wheelbarrow
24:00 Gold Mining
24:03 Stone Mining
26:10 Bow Saw
27:17 Bloodlines
29:01 Gold Shaft Mining
31:40 Scale Barding Armor
31:46 Forging
35:00 Hand Cart
Arcalon
10:32 Feudal Age
12:10 Double-Bit Axe
15:01 Castle Age
13:19 Horse Collar
16:04 Bow Saw
15:56 Heavy Plow
16:48 Man-at-Arms
19:50 Long Swordsman
21:13 Squires
21:16 Scale Mail Armor
23:10 Wheelbarrow
23:50 Forging
25:25 Chain Mail Armor
26:21 Loom
29:01 Pikeman
33:50 Town Watch
35:48 Hand Cart
Connection lost

Rejoining the realm…

Still unreachable

The connection could not be restored.

Session expired

The server has moved on; the page needs a fresh start.